AoeStats
← Song Jin-Woo

Yucatan

510372927Analyzed
3v3 RM · 2d ago on Sep 30, 2026· 66m 23s· 6 players
Game mode
Random Map
Map size
Normal (6 player)
Population
200
Speed
Normal
Resources
Standard
Victory
Conquest
Starting age
Dark Age
Ending age
Imperial Age
RankedLock teamsTeams togetherTeam positionsShared explorationLock speedFull tech treeHidden civsTurbo modeCheats
Victory
Defeat
🇫🇷 Varangians · France
1394
+11
🇫🇷 Mapuche · France
1391
+12
🇫🇷 Portuguese · France
1329
+15
🇬🇧 Koreans · United Kingdom
1298
-13
🇬🇧 Japanese · United Kingdom
1296
-13
🇬🇧 Persians · United Kingdom
1278
-12
Song Jin-Woo
9:35 Loom
12:22 Feudal Age
21:33 Castle Age
19:24 Fishing Lines
21:41 Double-Bit Axe
22:57 Wheelbarrow
24:00 Bow Saw
24:36 Gillnets
25:29 Town Watch
26:20 Hand Cart
26:47 Town Patrol
28:08 Yasama
28:19 Horse Collar
29:03 Fletching
28:41 Crossbowman
30:32 Heavy Plow
32:36 Ballistics
33:25 Guard Tower
33:46 Fortified Wall
33:47 Bodkin Arrow
34:30 Murder Holes
35:31 Thumb Ring
35:27 Padded Archer Armor
40:31 Scale Mail Armor
40:31 Gold Mining
42:05 Chain Mail Armor
43:24 Pikeman
47:26 Imperial Age
46:21 Squires
47:30 Arbalester
48:12 Bracer
48:02 Arrowslits
48:53 Keep
49:14 Plate Mail Armor
51:02 Chemistry
52:16 Halberdier
53:08 Forging
55:36 Iron Casting
57:56 Gold Shaft Mining
59:28 Blast Furnace
61:26 Conscription
65:45 Two-Man Saw
66:01 Leather Archer Armor
SmnRndm
3:39 Loom
13:24 Feudal Age
17:39 Castle Age
15:33 Double-Bit Axe
17:58 Forging
17:53 Scale Barding Armor
18:20 Bow Saw
18:58 Husbandry
19:53 Bloodlines
19:49 Horse Collar
21:43 Wheelbarrow
25:56 Heavy Plow
26:44 Gold Mining
27:17 Hand Cart
29:25 Stone Mining
30:11 Gold Shaft Mining
33:18 Imperial Age
32:48 Chain Barding Armor
33:04 Iron Casting
32:47 Caravan
32:58 Cavalier
34:14 Plate Barding Armor
36:00 Two-Man Saw
34:46 Savar
35:42 Heavy Camel Rider
38:09 Blast Furnace
43:01 Stone Shaft Mining
45:11 Conscription
LordSandwich
11:05 Feudal Age
17:35 Castle Age
15:42 Double-Bit Axe
17:32 Fletching
17:25 Horse Collar
17:58 Loom
17:45 Crossbowman
18:55 Bow Saw
21:59 Wheelbarrow
21:10 Town Watch
23:26 Bodkin Arrow
23:34 Heavy Plow
26:43 Ballistics
30:32 Hand Cart
34:46 Imperial Age
32:40 Scale Mail Armor
34:07 Thumb Ring
34:38 Chain Mail Armor
34:28 Squires
35:29 Bracer
34:50 Arbalester
36:37 Chemistry
38:21 Plate Mail Armor
39:20 Eupseong
39:43 Elite Fire Lancer
40:37 Forging
41:11 Pikeman
43:02 Iron Casting
42:49 Gold Mining
44:13 Two-Man Saw
43:37 Conscription
46:00 Man-at-Arms
46:26 Arson
46:24 Elite Skirmisher
46:59 Long Swordsman
49:06 Halberdier
49:06 Two-Handed Swordsman
51:14 Arrowslits
51:41 Fortified Wall
54:08 Husbandry
66:23 Gold Shaft Mining
Tom
7:53 Loom
9:53 Feudal Age
13:46 Castle Age
12:10 Double-Bit Axe
12:05 Horse Collar
16:21 Bow Saw
16:11 Heavy Plow
18:09 Town Watch
21:04 Wheelbarrow
23:20 Gold Mining
23:21 Stone Mining
24:02 Hand Cart
25:01 Scale Barding Armor
27:39 Bloodlines
30:12 Imperial Age
27:47 Husbandry
28:09 Chain Barding Armor
28:07 Fletching
29:26 Stone Shaft Mining
29:14 Treadmill Crane
29:45 Masonry
30:26 Forging
30:16 Cavalier
31:35 Plate Barding Armor
30:40 Vendel Legacy
31:36 Capped Ram
33:11 Iron Casting
33:48 Conscription
37:04 Scale Mail Armor
38:04 Blast Furnace
37:06 Scale Mail Armor
36:28 Elite Varangian Guard
37:09 Squires
36:54 Arson
36:54 Gambesons
39:14 Siege Ram
40:37 Chain Mail Armor
41:42 Plate Mail Armor
40:34 Gothikon
41:54 Architecture
43:12 Guard Tower
43:20 Bodkin Arrow
44:27 Pikeman
46:59 Halberdier
49:24 Chemistry
56:39 Two-Man Saw
56:10 Crop Rotation
59:49 Siege Engineers
64:36 Bracer
Ziko
9:57 Loom
11:42 Feudal Age
16:05 Castle Age
14:03 Double-Bit Axe
13:59 Horse Collar
17:41 Bow Saw
17:32 Heavy Plow
25:54 Wheelbarrow
26:49 Heavy Plow
29:26 Imperial Age
27:21 Fletching
27:54 Ballistics
29:03 Bodkin Arrow
29:08 Padded Archer Armor
29:34 Elite Bolas Rider
30:32 Leather Archer Armor
30:21 Capped Ram
31:56 Ring Archer Armor
30:50 Champi Runner
32:39 Champi Warrior
33:34 Forging
33:24 Scale Mail Armor
35:18 Chemistry
34:32 Elite Champi Warrior
35:30 Chain Mail Armor
38:11 Malon
38:17 Butalmapu
38:11 Pikeman
40:54 Plate Mail Armor
41:00 Iron Casting
39:54 Halberdier
41:50 Crop Rotation
56:10 Elite Skirmisher
62:53 Gold Mining
62:54 Stone Mining
IndoMinou Rex
11:52 Feudal Age
13:58 Double-Bit Axe
16:36 Castle Age
22:02 Loom
30:34 Gold Mining
30:36 Stone Mining
34:34 Imperial Age
35:45 Fletching
36:34 Bodkin Arrow
37:46 Chemistry
37:30 Elite Organ Gun
40:09 Bow Saw
42:45 Arquebus
42:55 Siege Engineers
45:52 Ballistics
45:33 Horse Collar
Connection lost

Rejoining the realm…

Still unreachable

The connection could not be restored.

Session expired

The server has moved on; the page needs a fresh start.